 Dungeon Crawl Stone Soup version 0.30-b1-2-g02819fbbbe (webtiles) character file.

Game seed: 11262144993978292125

90 raph the Poker (level 4, 0/33 HPs)
             Began as a Merfolk Gladiator on Dec 27, 2023.
             Was a Follower of Fedhas.
             Slain by Jessica
             ... wielding a +0 club
              (4 damage)
             ... on level 2 of the Dungeon.
             The game lasted 00:02:27 (1057 turns).

raph the Poker (Merfolk Gladiator)                  Turns: 1057, Time: 00:02:28

Health: 0/33       AC:  5    Str: 12    XL:     4   Next: 56%
Magic:  4/4        EV: 13    Int:  7    God:    Fedhas [*.....]
Gold:   111        SH:  0    Dex: 17    Spells: 3/3 levels left

rFire   . . .        a - +0 trident
rCold   . . .        (no shield)
rNeg    . . .        b - +0 leather armour
rPois   +            c - +0 helmet
rElec   .            (no cloak)
rCorr   .            (no gloves)
SInv    .            k - +0 pair of boots
Will    .....        (no amulet)
Stlth   +            g - ring of poison resistance
HPRegen 0.25/turn    (no ring)
MPRegen 0.09/turn

%: no passive effects
@: slowed, very slow
A: (nimble swimmer 2), mertail, sense surroundings 1, weak 1, wild magic 1
a: Renounce Religion


You were on level 2 of the Dungeon.
You worshipped Fedhas.
Fedhas was aware of your devotion.
You visited 1 branch of the dungeon, and saw 2 of its levels.

You collected 111 gold pieces.

Inventory:

Hand Weapons
 a - a +0 trident (weapon)
Armour
 b - a +0 leather armour (worn)
 c - a +0 helmet (worn)
 k - a +0 pair of boots (worn)
Jewellery
 g - a ring of poison resistance (left hand)
Scrolls
 l - a scroll of vulnerability {unknown}
 n - a scroll of identify {unknown}
Potions
 f - 2 potions of mutation
 h - a potion of heal wounds {unknown}
 i - a potion of berserk rage {unknown}
 j - a potion of curing {unknown}
 m - 2 potions of attraction {unknown}


   Skills:
 - Level 2.1 Fighting
 + Level 6.9 Polearms
 - Level 2.0 Throwing
 - Level 4.0 Dodging


You had 3 spell levels left.
You didn't know any spells.
Your spell library was empty.

Dungeon Overview and Level Annotations

Branches:
Dungeon (2/15)

Altars:
Fedhas

Annotations:
D:2 Jessica


Innate Abilities, Weirdness & Mutations

((You are very nimble when in or above water. (Stealth+, EV+, Speed+++)))
Your lower body shifts to a powerful aquatic tail in water.
You passively map a small area around you.
You are weak. (Str -2)
Your spells are a little harder to cast, but a little more powerful.


Message History

Natasha claws you but does no damage.
Jessica casts a spell.
Jessica seems to speed up.
Natasha barely misses you.
Throw: throwing net
Press: ? - help, Q - select action, (/) - cycle Shift-Dir - straight line, f/p - Natasha
Aim: Natasha (heavily wounded, 55% to hit)
You throw a throwing net. The throwing net misses Natasha.
Natasha mewls in sadness.
Natasha closely misses you.
You hit Natasha.
Natasha is almost dead.
Jessica gestures wildly.
Natasha claws you.
Throw: javelin
Press: ? - help, Q - select action Shift-Dir - straight line, f/p - Natasha
Aim: Natasha (almost dead, 55% to hit)
You throw a javelin. The javelin pierces through Natasha!
You kill Natasha!
Fedhas appreciates your contribution to the ecosystem.
Natasha growls in agony!
Jessica hits you with a +0 club. Jessica closely misses you.
Jessica barely misses you.
You hit Jessica.
Jessica is moderately wounded.
Jessica barely misses you. Jessica closely misses you.
You closely miss Jessica.
Jessica is moderately wounded.
Jessica hits you with a +0 club. Jessica hits you with a +0 club!
* * * LOW HITPOINT WARNING * * *
It was a potion of mutation.
You feel extremely strange.
You feel weaker.
You feel less in control of your magic.
You feel a strange attunement to the structure of the dungeons.
Jessica hits you with a +0 club.
* * * LOW HITPOINT WARNING * * *
Jessica misses you.
You closely miss Jessica.
Jessica is moderately wounded.
Jessica hits you with a +0 club.
You die...
Fedhas appreciates your contribution to the ecosystem.

...........###....#..#.....###..5
...........# #.####..#....###.@.h
...........# #.#.##..5...###.....
...........###†#...h.#..######(##
............##.#.##..#.###.#.....
............##.#..#..####..#..[..
.....####...##.##.#..###...'...[.
.....# #...##.##@#..##....#....)
.....# #...##..@.#..#.....#.....
.....# #...########.#....####+##
.....# #...# * *#.'...## , ######
#...+ #.#..## * * #.#.##
#.....(### , , #....#.#* ,
#.#..#.. *, # #. #.. ,


You could see Jessica (fast).

Vanquished Creatures
  Natasha (D:2)
  2 adders (D:2)
  2 worms (D:2)
  A dart slug (D:2)
  A ball python (D:1)
  7 endoplasms
  2 giant cockroaches (D:2)
  3 goblins
  A hobgoblin (D:1)
  8 jackals
  2 frilled lizards (D:1)
  6 kobolds
  A rat (D:1)
37 creatures vanquished.

Notes
Turn   | Place    | Note
-------+----------+-------------------------------------------
     0 | D:1      | raph the Merfolk Gladiator began the quest for the Orb.
     0 | D:1      | Reached XP level 1. HP: 16/16 MP: 1/1
   237 | D:1      | Reached XP level 2. HP: 16/22 MP: 2/2
   289 | D:1      | Found a faded altar of an unknown god.
   310 | D:1      | Reached skill level 5 in Polearms
   532 | D:1      | Prayed at the altar of an unknown god.
   532 | D:1      | Became a worshipper of Fedhas Madash
   532 | D:1      | Reached * piety under Fedhas
   678 | D:2      | Reached XP level 3. HP: 24/27 MP: 3/3
   895 | D:2      | Reached skill level 6 in Polearms
   992 | D:2      | Reached XP level 4. HP: 33/33 MP: 4/4
   998 | D:2      | Noticed Jessica
  1000 | D:2      | Noticed Natasha
  1053 | D:2      | Killed Natasha
  1056 | D:2      | Gained mutation: You are weak. (Str -2) [potion of
                  | mutation]
  1056 | D:2      | Gained mutation: Your spells are a little harder to cast,
                  | but a little more powerful. [potion of mutation]
  1056 | D:2      | Gained mutation: You passively map a small area around you.
                  | [potion of mutation]
  1057 | D:2      | Slain by Jessica

Illustrated notes

Levels and vault maps discovered:
D:1:      ebering_trefoil_twist, layout_rooms, hellmonk_ecumenical_altar_blasted
D:2:      layout_basic, minmay_quadrilaterals, uniq_natasha, uniq_jessica

Skill      XL: |  1  2  3 |
---------------+----------+-----
Polearms       | 5 6 |  6.9
Fighting       | |  2.1
Throwing       | |  2.0
Dodging        | |  4.0

Action                     |  1- 3 |  4- 6 || total
---------------------------+-------+-------++-------
  Melee: Trident           |   117 |     9 ||   126
         Punch             |     1 |       ||     1
  Throw: Throwing net      |       |     3 ||     3
         Javelin           |       |     1 ||     1
    Use: Potion            |       |     1 ||     1
   Stab: Sleeping          |     4 |       ||     4
 Armour: Leather armour    |    30 |     4 ||    34
  Dodge: Dodged            |    68 |     9 ||    77
